 Dungeon Crawl Stone Soup version 0.31.0-4-g52a2dc7128 (webtiles) character file.

Game seed: 15747656457065199302

16 Skitler the Trooper (level 2, 0/27 HPs)
             Began as a Minotaur Berserker on Jan 23, 2024.
             Was a Follower of Trog.
             Slain by a goblin
             ... wielding a +0 dagger of venom
             ... led by Robin
              (5 damage)
             ... on level 2 of the Dungeon.
             The game lasted 00:02:20 (653 turns).

Skitler the Trooper (Minotaur Berserker)             Turns: 653, Time: 00:02:20

Health: 0/27       AC:  8    Str: 21    XL:     2   Next: 37%
Magic:  1/1        EV:  8    Int:  4    God:    Trog [*.....]
Gold:   36         SH:  0    Dex:  9    Spells: 1/1 levels left

rFire   . . .        a - +0 hand axe
rCold   . . .        (no shield)
rNeg    . . .        i - +0 chain mail
rPois   .            (helmet restricted)
rElec   .            (no cloak)
rCorr   .            (no gloves)
SInv    .            (no boots)
Will    .....        (no amulet) Stlth
                     (no ring)
HPRegen 0.24/turn    (no ring)
MPRegen 0.07/turn

%: no passive effects
@: lethally poisoned (0 -> -4)
A: horns 2, retaliatory headbutt
a: Renounce Religion, Berserk


You were on level 2 of the Dungeon.
You worshipped Trog.
Trog was aware of your devotion.
You visited 1 branch of the dungeon, and saw 2 of its levels.

You collected 36 gold pieces.

Inventory:

Hand Weapons
 a - a +0 hand axe (weapon)
Armour
 b - a +0 animal skin
 i - a +0 chain mail (worn)
 l - a +0 kite shield
Scrolls
 c - a scroll of silence {unknown}
 d - a scroll of blinking {unknown}
 e - 3 scrolls of teleportation {unknown}
 g - a scroll of butterflies {unknown}
 h - 2 scrolls of identify {unknown}
Potions
 f - a potion of haste {unknown}
 j - 2 potions of mutation {unknown}
 k - a potion of degeneration {unknown}
 m - a potion of enlightenment {unknown}


   Skills:
 + Level 4.0 Fighting
 + Level 4.0 Axes
 + Level 2.6 Armour
 + Level 2.3 Dodging


You had one spell level left.
You didn't know any spells.
Your spell library was empty.

Dungeon Overview and Level Annotations

Branches:
Dungeon (2/15)

Altars:

Annotations:
D:2 Robin


Innate Abilities, Weirdness & Mutations

You have a pair of horns on your head.
You reflexively headbutt those who attack you in melee.


Message History

The goblin moves out of view.
The hobgoblin moves out of view.
There are monsters nearby!
Robin, a goblin and a hobgoblin come into view.
Robin is wielding a +0 short sword of draining.
Robin shouts!
The hobgoblin shouts! x2; You hear a shout!
You hear an angry hiss.
Robin throws the goblin at you!
A hobgoblin comes into view.
The hobgoblin moves out of view.
You closely miss the goblin.
The hobgoblin shouts!
You headbutt the goblin.
You kill the goblin!
Trog accepts your kill. Robin throws the goblin at you!
The goblin hits you with a runed dagger.
You are poisoned.
You barely miss the goblin.
You feel very sick.
A goblin comes into view. It is wielding a +0 club.
A goblin comes into view. It is wielding a +0 dagger.
The goblin hits you but does no damage.
You are more poisoned.
You miss the goblin. Your headbutt misses the goblin.
You feel very sick.
The goblin hits you with a +0 dagger of venom.
You hit the goblin.
The goblin is heavily wounded.
You feel very sick.
Robin roars a battlecry!
The goblins go into a battle-frenzy!
The goblin barely misses you. The goblin hits you but does no damage.
You feel sick.
* * * LOW HITPOINT WARNING * * *
You feel sick.
You feel sick.
* * * LOW HITPOINT WARNING * * *
You feel sick. The goblin attacks as it pursues you!
The goblin hits you with a +0 dagger of venom.
You die...

######...# #...
#........# #...
.#########.###....###...
>...........<...........
#######.##.#)#.#.#####
#.##.#.#.#...
#.##.#.#.#####
#.##.#...# #@##.##..#
#g##.# ..# #.##.##..#
g#gg####.##.# ..#


gggg.g)g.# g######### You could see a hobgoblin (strong) and a goblin (strong).

Vanquished Creatures
  A dart slug (D:1)
  An endoplasm (D:1)
  A giant cockroach (D:1)
  2 goblins
  3 hobgoblins (D:1)
  A bat (D:2)
  2 frilled lizards
  2 rats (D:1)
13 creatures vanquished.

Notes
Turn   | Place    | Note
-------+----------+-------------------------------------------
     0 | D:1      | Skitler the Minotaur Berserker began the quest for the Orb.
     0 | D:1      | Reached XP level 1. HP: 19/19 MP: 0/0
   246 | D:1      | Reached XP level 2. HP: 26/27 MP: 1/1
   645 | D:2      | Noticed Robin
   653 | D:2      | Slain by a goblin

Illustrated notes

Levels and vault maps discovered:
D:1:      scummos_arrival_simple_crosswalls, layout_rooms, minmay_octomino_j4
D:2:      layout_basic, chequers_serial_rivers_micro_b, minivault_14, uniq_robin

Skill      XL: |  1  2 |
---------------+-------+-----
Fighting       | 4 |  4.0
Axes           | 4 |  4.0
Armour         | |  2.6
Dodging        | |  2.3

Action                     || total
---------------------------++-------
  Melee: Hand axe          ||    28
         Headbutt          ||     5
 Armour: Animal skin       ||     3
         Chain mail        ||    15
  Dodge: Dodged            ||    16
